 Dungeon Crawl Stone Soup version 0.30.1-10-g1249ef9ec4 (webtiles) character file.

Game seed: 3621648224384171166

881 lonewolfV2 the Covered (level 7, -3/52 HPs)
             Began as a Demonspawn Fighter on Oct 26, 2023.
             Slain by Pikel
             ... wielding a +2 whip of flaming
              (10 damage)
             ... on level 6 of the Dungeon.
             The game lasted 00:04:58 (3980 turns).

lonewolfV2 the Covered (Demonspawn Fighter)         Turns: 3980, Time: 00:04:58

Health: -3/52      AC: 10    Str: 19    XL:     7   Next: 75%
Magic:  7/7        EV: 12    Int:  9    God:
Gold:   217        SH:  8    Dex: 12    Spells: 6/6 levels left

rFire   + . .        a - +0 war axe
rCold   . . .        e - +0 kite shield
rNeg    + . .        u - +2 leather armour {rF+}
rPois   .            (no helmet)
rElec   .            (no cloak)
rCorr   .            g - +0 pair of gloves
SInv    .            j - +0 pair of boots
Will    .....        (no amulet)
Stlth   +            c - ring of positive energy
HPRegen 0.28/turn    (no ring)
MPRegen 0.10/turn

%: no passive effects
@: no status effects
A: icy blue scales 1, powered by pain 1, weakness stinger 2
a: no special abilities


You were on level 6 of the Dungeon.
You visited 1 branch of the dungeon, and saw 6 of its levels.

You collected 217 gold pieces.

Inventory:

Hand Weapons
 a - a +0 war axe (weapon)
Armour
 b - a +0 scale mail
 e - a +0 kite shield (worn)
 g - a +0 pair of gloves (worn)
 j - a +0 pair of boots (worn)
 u - a +2 leather armour of fire resistance (worn)
Jewellery
 c - a ring of positive energy (left hand)
Scrolls
 w - 2 scrolls of teleportation
Potions
 d - 2 potions of might
 f - a potion of mutation {unknown}
 h - 2 potions of experience
 i - 2 potions of heal wounds
 k - a potion of lignification {unknown}
 l - a potion of magic {unknown}
 m - a potion of haste {unknown}
 n - 2 potions of ambrosia {unknown}
 o - a potion of invisibility {unknown}
 p - a potion of flight {unknown}
 q - 3 potions of curing
 r - 3 potions of brilliance
 s - 2 potions of degeneration {unknown}


   Skills:
 - Level 3.0 Fighting
 - Level 1.7 Axes
 + Level 5.9 Armour
 * Level 5.9 Dodging
 - Level 2.6 Shields


You had 6 spell levels left.
You didn't know any spells.
Your spell library contained the following spells:

 Spells                   Type           Power      Damage    Failure   Level
 Magic Dart               Conj           0%         1d3       77%         1
 Summon Small Mammal      Summ           0%         N/A       77%         1
 Call Imp                 Summ           0%         N/A       88%         2
 Cigotuvi's Dreadful Rot  Necr/Pois/Air  0%         N/A       88%         2
 Call Canine Familiar     Summ           0%         N/A       98%         3
 Hailstorm                Conj/Ice       0%         3d3       98%         3
 Ignite Poison            Fire/Tmut/Pois 0%         N/A       98%         3
 Inner Flame              Hex/Fire       0%         N/A       98%         3
 Mephitic Cloud           Conj/Pois/Air  0%         N/A       98%         3
 Summon Guardian Golem    Hex/Summ       0%         N/A       98%         3
 Ice Form                 Ice/Tmut       0%         N/A       100%        4
 Freezing Cloud           Conj/Ice/Air   0%         6-21      100%        5
 Yara's Violent Unravell  Hex/Tmut       0%         3d3       100%        5
 Simulacrum               Ice/Necr       0%         N/A       100%        6
 Enfeeble                 Hex            0%         N/A       100%        7
 Malign Gateway           Summ/Tloc      0%         N/A       100%        7
 Summon Horrible Things   Summ           0%         N/A       100%        8


Dungeon Overview and Level Annotations

Branches:
Dungeon (6/15)
 Temple: D:4-7

Altars:

Shops:
D:2 (

Annotations:
D:6 Pikel


Innate Abilities, Weirdness & Mutations

You are partially covered in icy blue scales. (AC +2)
You sometimes gain a little power by taking damage.
You have a tail ending in a sharp stinger.


Message History

You hit Pikel.
Pikel is heavily wounded.
You hit the kobold brigand. You barely miss the lemure.
The lemure barely misses you. The kobold brigand misses you.
Pikel hits you with a +2 whip of flaming!
Pikel burns you.
You slash Pikel!
Pikel is severely wounded.
You hit the kobold brigand. You closely miss the lemure. The lemure hits you.
Pikel misses you. The kobold brigand closely misses you.
The kobold brigand hits you with a +0 short sword.
You block the lemure's attack.
Pikel hits you with a +2 whip of flaming!
Pikel burns you.
You closely miss Pikel.
Pikel is severely wounded.
You barely miss the kobold brigand. You hit the lemure.
You kill the lemure!
That felt strangely unrewarding.
Pikel hits you but does no damage.
You block the kobold brigand's attack. x2
You completely miss Pikel. You tail-slap Pikel, but do no damage.
Pikel is severely wounded.
You hit the lemure. You hit the kobold brigand. You block the lemure's attack.
The kobold brigand barely misses you. Pikel closely misses you.
You completely miss Pikel.
Pikel is heavily wounded.
You hit the lemure. You closely miss the kobold brigand. The lemure hits you.
* * * LOW HITPOINT WARNING * * *
Pikel hits you but does no damage. You block the kobold brigand's attack.
The kobold brigand hits you with a +0 short sword.
* * * LOW HITPOINT WARNING * * *
The lemure misses you. Pikel hits you but does no damage.
You closely miss Pikel.
Pikel is heavily wounded.
You hit the kobold brigand. You hit the lemure.
The kobold brigand hits you with a +0 short sword.
* * * LOW HITPOINT WARNING * * *
The lemure hits you but does no damage.
Pikel hits you with a +2 whip of flaming!
You die...

..#....... # #
........#.##..
#......#.....
###.......>..
.).........
..#......#
.......<#
.....##.## ###
#K@# ##5KK.#
5K5....#
..........
.....:.#...
#######.....
###..


You could see Pikel, a kobold brigand, 3 lemures and 2 kobolds.

Vanquished Creatures
  Sigmund (D:2)
  An ice beast (D:5)
  3 ogres
  A lemure (D:6)
  2 hounds
  2 orc priests (D:5)
  Crazy Yiuf (D:4)
  2 sleepcaps (D:5)
  4 gnolls (D:3)
  3 adders
  A shadow imp (D:5)
  2 ufetubi (D:5)
  3 worms
  4 dart slugs
  5 orcs
  4 bats
  7 endoplasms
  2 giant cockroaches
  6 goblins
  9 hobgoblins
  9 jackals
  3 quokkas
  5 ball pythons
  2 frilled lizards
  6 kobolds
  5 rats
93 creatures vanquished.

Notes
Turn   | Place    | Note
-------+----------+-------------------------------------------
     0 | D:1      | lonewolfV2 the Demonspawn Fighter began the quest for the
                  | Orb.
     0 | D:1      | Reached XP level 1. HP: 18/18 MP: 1/1
    45 | D:1      | Reached skill level 1 in Dodging
    45 | D:1      | Gained mutation: You are partially covered in icy blue
                  | scales. (AC +2) [demonic ancestry]
    45 | D:1      | Reached XP level 2. HP: 21/24 MP: 2/2
   300 | D:1      | Reached XP level 3. HP: 24/29 MP: 3/3
   613 | D:2      | Found Xunwis's Antique Weapon Shoppe.
   787 | D:2      | Noticed Sigmund
   810 | D:2      | Killed Sigmund
   811 | D:2      | Reached XP level 4. HP: 17/35 MP: 4/4
   811 | D:2      | Gained mutation: You have a small tail. [demonic ancestry]
   811 | D:2      | Reached XP level 5. HP: 20/41 MP: 5/5
  1389 | D:3      | Gained mutation: You sometimes gain a little power by
                  | taking damage. [demonic ancestry]
  1389 | D:3      | Reached XP level 6. HP: 16/47 MP: 6/6
  2126 | D:4      | Reached skill level 5 in Armour
  2759 | D:4      | Found a runed translucent door.
  2760 | D:4      | Noticed Crazy Yiuf
  2770 | D:4      | Paralysed by Crazy Yiuf for 2 turns
  2772 | D:4      | Killed Crazy Yiuf
  3003 | D:5      | Entered Level 5 of the Dungeon
  3034 | D:5      | Gained mutation: You have a tail ending in a sharp stinger.
                  | [demonic ancestry]
  3034 | D:5      | Reached XP level 7. HP: 48/52 MP: 7/7
  3086 | D:5      | Reached skill level 5 in Dodging
  3293 | D:5      | HP: 2/52 [worm (4)]
  3968 | D:6      | Noticed Pikel
  3980 | D:6      | Slain by Pikel

Illustrated notes

Levels and vault maps discovered:
D:1:      dpeg_arrival_pits, layout_rooms
D:2:      layout_basic, serial_shops, shop, uniq_sigmund
D:3:      layout_loops_ring
D:4:      layout_rooms, dk_noncrumbling_3, supply_closet_lemuel,
          kennysheep_generic_room_13, uniq_crazy_yiuf_cottage
D:5:      layout_rooms
D:6:      layout_rooms, temple_statues, st_stairs_1, uniq_pikel

Skill      XL: |  1  2  3  4  5  6  7 |
---------------+----------------------+-----
Armour         | 3 4 5 |  5.9
Dodging        | 1 3 4 5 |  5.9
Fighting       | |  3.0
Axes           | |  1.7
Shields        | |  2.6

Action                     |  1- 3 |  4- 6 |  7- 9 || total
---------------------------+-------+-------+-------++-------
  Melee: War axe           |    90 |    98 |    80 ||   268
         Tailslap          |       |    11 |    12 ||    23
    Use: Scroll            |     4 |     3 |     4 ||    11
         Potion            |     2 |       |     2 ||     4
 Armour: Scale mail        |    57 |    28 |       ||    85
         Leather armour    |       |    11 |    51 ||    62
  Dodge: Dodged            |    58 |    46 |    83 ||   187
  Block: Buckler           |    12 |       |       ||    12
         Kite shield       |    23 |    57 |    52 ||   132
